 Dungeon Sprint DCSS version 0.28.0-45-g0d030f2227 (webtiles) character file.

Game seed: 745010252694537818

4180 McKennaii the Protected (level 9, -4/92 HPs)
             Began as a Demigod Fighter on Apr 18, 2022.
             Succumbed to a death drake's dark miasma
             ... in the Dungeon (Sprint II: "The Violet Keep of Menkaure").
             The game lasted 00:08:29 (1637 turns).

McKennaii the Protected (Demigod Fighter)           Turns: 1637, Time: 00:08:30

Health: -4/92      AC: 18    Str: 29    XL:     9   Next: 81%
Magic:  11/11      EV:  8    Int: 10    God:
Gold:   301        SH:  5    Dex: 13    Spells: 8/8 levels left

rFire   . . .      SeeInvis .   k - +2 spear (freeze)
rCold   . . .      Faith    .   c - +0 buckler
rNeg    + . .      Spirit   .   s - +0 chain mail
rPois   .          Reflect  .   a - +1 helmet of Gehenna {+Inv rN+ Slay+3}
rElec   .          Harm     .   i - +2 cloak
rCorr   .          Rampage  .   (no gloves)
Will    .....      NoTele   +   (no boots)
Stlth   ..........              (no amulet)
HPRegen 0.25/turn               (no ring)
MPRegen 0.12/turn               (no ring)

@: lethally poisoned (-4 -> -56)
A: high MP 1, forlorn, divine attributes
a: Evoke Invisibility


You were in the Dungeon.
You visited 1 branch You collected 1208 gold pieces.
You spent 907 gold pieces at shops.

Inventory:

Hand Weapons
 k - a +2 spear of freezing (weapon)
Armour
 a - the +1 helmet of Gehenna (worn) {+Inv rN+ Slay+3}
   (You acquired it in the Dungeon)

   Slay:      It affects your accuracy & damage with ranged weapons and melee
   (+3).
   rN:        It protects you from negative energy.
   +Inv:      It lets you turn invisible.
 c - a +0 buckler (worn)
 i - a +2 cloak (worn)
 s - a +0 chain mail (worn)
Scrolls
 b - a scroll of fog
 j - a scroll of blinking
 l - 3 scrolls of enchant armour
 o - a scroll of fear {unknown}
 r - a scroll of immolation {unknown}
 u - a scroll of summoning {unknown}
Potions
 d - a potion of might
 g - a potion of haste
 h - 5 potions of magic
 m - a potion of brilliance
 p - 5 potions of resistance
 q - 2 potions of cancellation {unknown}
 t - 3 potions of flight {unknown}
 v - a potion of attraction {unknown}


   Skills:
 + Level 12.9 Fighting
 + Level 12.7 Polearms
 + Level 12.9 Armour
 + Level 3.7 Shields


You had 8 spell levels left.
You didn't know any spells.
Your spell library contained the following spells:

 Spells                   Type           Power      Damage    Failure   Level
 Sting                    Tmut/Pois      0%         1d3       88%         1
 Poisonous Vapours        Pois/Air       0%         N/A       95%         2
 Ozocubu's Armour         Ice            0%         N/A       99%         3
 Stone Arrow              Conj/Erth      0%         3d7       99%         3
 Animate Armour           Summ/Erth      0%         N/A       100%        4
 Olgreb's Toxic Radiance  Pois           0%         N/A       100%        4
 Ozocubu's Refrigeration  Ice            0%         4d5       100%        7
 Lehudib's Crystal Spear  Conj/Erth      0%         10d2      100%        8


Dungeon Overview and Level Annotations

Branches:
Dungeon (1/1)

Shops:
D !=::!(![[![!*=?

Annotations:
D exclusions: obsidian statue and oklob plant


Innate Abilities, Weirdness & Mutations

You have an increased reservoir of magic. (+10% MP)
You shall have no god before yourself.
Your divine heritage dramatically boosts your attributes as you level up.


Message History

You block the death drake's attack.
You barely miss the death drake.
The death drake is moderately wounded.
You feel very sick. The swamp drake breathes poison at you.
The noxious blast misses you.
The death drake bites you but does no damage.
You puncture the death drake!
The death drake seems to slow down.
You freeze the death drake.
The death drake is moderately wounded.
You are engulfed in noxious fumes.
You feel very sick. The swamp drake breathes poison at you.
The noxious blast engulfs you but does no damage.
You are more poisoned.
The death drake bites you!
* * * LOW HITPOINT WARNING * * *
You feel much better.
You are engulfed in noxious fumes.
You feel very sick.
The swamp drake bites you but does no damage.
The death drake bites you. The swamp drake closely misses you.
Unknown command.
You puncture the death drake!
The death drake seems to slow down.
You freeze the death drake.
The death drake is heavily wounded.
You feel sick. The death drake breathes miasma at you.
The foul vapour engulfs you!
You are lethally poisoned!
* * * LOW HITPOINT WARNING * * *
The swamp drake is engulfed in dark miasma.
The swamp drake is poisoned.
The swamp drake bites you!
* * * LOW HITPOINT WARNING * * *
You miss the death drake.
The death drake is heavily wounded.
You are engulfed in dark miasma.
You are more poisoned.
* * * LOW HITPOINT WARNING * * *
You feel yourself speed up.
You die...

#...▓≈≈≈≈≈≈§≈▓▓ ++ ..
##::▓▓▓▓▓▓▓▓▓▓▓ .. ..
.#||▓(.[.|)..▓▓ +##.. #.
k#})▓.)....((▓▓ ..##.####
+^##k#|°▓....(.).▓▓ #..# ...#
..k####▓(.[.).[.▓▓ ).####..##
#..##○#▓.......[▓▓ '###.##..#
+..#○○#▓..[[...[▓▓ .##...#..#
#.^#@k#▓.)[((.))▓▓
<.'###)..####..##k#▓..")..(.▓▓
.##...#..§.###...##▓▓▓▓▓▓▓'▓▓▓▓+▓
'###.##......≈≈≈≈≈≈≈≈≈§§§≈...X≈≈▓
.#####≈§§....≈#'########'###.≈≈≈▓
##.#≈≈≈≈≈≈≈..≈#._._._..#§≈≈##≈≈≈▓
#†##≈≈≈§≈≈≈§.≈#.._._._.#≈≈§≈####▓
'##≈≈≈≈≈§≈§≈≈≈#._._._._#≈§§§≈##
≈≈≈≈≈≈≈≈§§≈≈≈≈#_._._._.#§§§≈§≈#


You could see a death drake (slow) and a swamp drake (poisoned).

Vanquished Creatures
  2 boulder beetles (D)
  A death drake (D)
  A merfolk siren (D)
  A yaktaur (D)
  3 polar bears (D)
  A hornet (D)
  4 neqoxecs (D)
  Menkaure (D)
  4 water moccasins (D)
  A hell rat (D)
  3 worms (D)
  2 tentacles (D)
24 creatures vanquished.

Vanquished Creatures (others)
  A water moccasin (D)
  7 tentacles (D)
8 creatures vanquished.

Grand Total: 32 creatures vanquished

Notes
Turn   | Place    | Note
-------+----------+-------------------------------------------
     0 | D        | McKennaii the Demigod Fighter began the quest for the Orb.
     0 | D        | Reached XP level 1. HP: 18/18 MP: 3/3
     1 | D        | Noticed a merfolk siren
    14 | D        | Killed a merfolk siren
    15 | D        | Reached XP level 2. HP: 34/34 MP: 4/4
    15 | D        | Reached XP level 3. HP: 39/39 MP: 5/5
    15 | D        | Reached XP level 4. HP: 47/47 MP: 6/6
    15 | D        | Reached XP level 5. HP: 52/52 MP: 7/7
    23 | D        | Noticed a neqoxec
    41 | D        | Killed a neqoxec
    42 | D        | Reached XP level 6. HP: 43/61 MP: 8/8
   136 | D        | Found Engierun's Magic Scroll Shop.
   137 | D        | Found Zeohumig's General Store.
   137 | D        | Noticed a neqoxec
   147 | D        | Killed a neqoxec
   147 | D        | Noticed Menkaure
   169 | D        | Noticed a neqoxec
   179 | D        | Killed a neqoxec
   180 | D        | Reached XP level 7. HP: 47/70 MP: 9/9
   216 | D        | Noticed a neqoxec
   230 | D        | Killed a neqoxec
   420 | D        | Found Uvujo's Jewellery Boutique.
   420 | D        | Found Jycist's Armour Shop.
   420 | D        | Found Nihanli's Distillery.
   420 | D        | Found Miogywog's Antique Armour Boutique.
   420 | D        | Found Zaaduti's Distillery.
   420 | D        | Found Jeomor's Antique Armour Shop.
   431 | D        | Killed Menkaure
   457 | D        | Noticed an obsidian statue
   494 | D        | Noticed a boulder beetle
   494 | D        | Noticed a boulder beetle
   514 | D        | Found Emyanall's Distillery.
   515 | D        | Found Powniec's Antique Weapon Shop.
   516 | D        | Found Vaoroobb's Distillery.
   516 | D        | Found Jaepherehui's Book Boutique.
   516 | D        | Noticed a wyvern
   516 | D        | Noticed a wyvern
   516 | D        | Noticed an oklob plant
   517 | D        | Found Varphod's Jewellery Shop.
   517 | D        | Found Sucij's Distillery.
   517 | D        | Found Vakeaj's Book Shoppe.
   556 | D        | Bought a scroll of acquirement for 676 gold pieces
   556 | D        | Acquired the +1 helmet of Gehenna {+Inv rN+ Slay+3}
   613 | D        | Killed a boulder beetle
   614 | D        | Reached skill level 10 in Fighting
   614 | D        | Reached skill level 10 in Polearms
   614 | D        | Reached skill level 10 in Armour
   614 | D        | Reached XP level 8. HP: 81/81 MP: 10/10
   629 | D        | Killed a boulder beetle
   646 | D        | Bought a +2 cloak for 231 gold pieces
   821 | D        | Noticed a polar bear
   822 | D        | Noticed a hornet
   853 | D        | Killed a polar bear
   854 | D        | Reached XP level 9. HP: 88/90 MP: 11/11
   875 | D        | Noticed a yaktaur
   896 | D        | Killed a yaktaur
  1020 | D        | Noticed a kraken
  1091 | D        | Noticed an orange crystal statue
  1607 | D        | Noticed a death drake
  1609 | D        | Noticed a death drake
  1625 | D        | Killed a death drake
  1637 | D        | Succumbed to a death drake's dark miasma

Illustrated notes

Levels and vault maps discovered:
D:        the_violet_keep_of_menkaure [sprint2_stairs_cluster_1,
          sprint2_shoproom, sprint2_temple, sprint2_basic_supplies,
          sprint2_obstacle_3, sprint2_obstacle_4, sprint2_obstacle_5,
          sprint2_obstacle_1, sprint2_obstacle_7, sprint2_timed_cluster_1,
          sprint2_smallroom_cluster_1, sprint2_smallroom_final_cluster_1,
          sprint2_transparent_cluster_1, sprint2_second_timed_cluster_1,
          sprint2_sniper_area_1, sprint2_heavy_combat_area_1,
          sprint2_mutation_trap_area_1, sprint2_forest_area_1,
          sprint2_light_combat_area_1, sprint2_behind_water_1,
          sprint2_near_end_vault_1]

Skill      XL: |  1  2  3  4  5  6  7  8  9 |
---------------+----------------------------+-----
Fighting       | 7 8 9 10 11 12 | 12.9
Polearms       | 7 8 10 11 12 | 12.7
Armour         | 7 8 9 10 11 12 | 12.9
Shields        | 3 |  3.7

Action                   |  1- 3 |  4- 6 |  7- 9 || total
-------------------------+-------+-------+-------++-------
Melee: Trident           |    12 |       |       ||    12
       Spear             |       |    37 |   179 ||   216
  Use: Scroll            |       |       |     5 ||     5
       Potion            |       |       |     5 ||     5
 Stab: Distracted        |       |       |     1 ||     1
Armor: Scale mail        |     1 |     3 |    44 ||    48
       Chain mail        |       |       |    17 ||    17
Dodge: Dodged            |       |     8 |    32 ||    40
Block: Buckler           |       |     4 |    26 ||    30
